 Dungeon Crawl Stone Soup version 0.27-a0-1525-g1038ab4fd7 (webtiles) character file.

Game seed: 2308137690908609111

489 gimp the Skirmisher (level 7, 0/58 HPs)
             Began as a Formicid Monk on July 11, 2021.
             Was an Initiate of Gozag.
             Succumbed to a scorpion's poison
             ... on level 5 of the Dungeon.
             The game lasted 00:10:11 (5015 turns).

gimp the Skirmisher (Formicid Monk)                 Turns: 5015, Time: 00:10:12

Health: 0/58       AC: 11    Str: 18    XL:     7   Next: 36%
Magic:  7/7        EV: 11    Int:  9    God:    Gozag
Gold:   115        SH:  0    Dex: 13    Spells: 6/6 levels left

rFire    . . .     SeeInvis +   a - +0 hand axe
rCold    . . .     Faith    .   (no shield)
rNeg     . . .     Spirit   .   n - +1 ring mail of Elyvilon's Generosity {rElec Will++}
rPois    .         Reflect  .   (helmet unavailable)
rElec    +         Harm     .   (no cloak)
rCorr    .         Rampage  .   l - +0 pair of gloves
Will     ++...                  b - +2 pair of boots
Stlth    ..........             j - amulet of the acrobat
HPRegen  0.19/turn              (no ring)
MPRegen  0.10/turn              (no ring)

@: confused, lethally poisoned (0 -> -35), ambrosia-drunk
A: permanent stasis, dig shafts and tunnels, antennae 3, four strong arms
a: Dig, Shaft Self, Renounce Religion, Potion Petition, Call Merchant, Bribe
Branch


You were on level 5 of the Dungeon.
You worshipped Gozag.
Gozag was aware of your devotion.
You visited 1 branch of the dungeon, and saw 5 of its levels.

You collected 523 gold pieces.
You spent 408 gold pieces at shops.

Inventory:

Hand Weapons
 a - a +0 hand axe (weapon)
Armour
 b - a +2 pair of boots (worn)
 l - a +0 pair of gloves (worn)
 n - the +1 ring mail of Elyvilon's Generosity (worn) {rElec Will++}
   (You bought it in a shop on level 4 of the Dungeon)

   rElec:     It insulates you from electricity.
   Will:      It greatly increases your willpower.
Jewellery
 j - an amulet of the acrobat (around neck)
Scrolls
 d - a scroll of magic mapping {unknown}
 g - a scroll of enchant weapon {unknown}
 h - a scroll of acquirement {unknown}
 m - a scroll of holy word {unknown}


   Skills:
 + Level 6.1 Fighting
 * Level 5.4 Axes
 + Level 3.2 Armour
 - Level 2.6 Dodging
 - Level 2.4 Stealth


You had 6 spell levels left.
You didn't know any spells.
Your spell library contained the following spells:

 Spells                   Type           Power      Damage    Failure   Level
 Magic Dart               Conj           0%         1d3       56%         1
 Searing Ray              Conj           0%         3d3       71%         2
 Gell's Gravitas          Tloc           0%         N/A       91%         3
 Teleport Other           Tloc           0%         N/A       91%         3
 Fulminant Prism          Conj/Hex       0%         3d6       100%        4
 Dispersal                Tloc           0%         N/A       100%        6


Dungeon Overview and Level Annotations

Branches:
Dungeon (5/15)
 Temple: D:4-7

Altars:
Fedhas
Gozag
Nemelex Xobeh
Vehumet
Xom

Shops:
D:2 =   D:4 [

Annotations:
D:4 Eustachio


Innate Abilities, Weirdness & Mutations

You cannot be hasted, slowed, berserked, paralysed or teleported.
You can dig through walls and to a lower floor.
You have a pair of large antennae on your head. (SInv)
Your four strong arms can wield two-handed weapons with a shield.


Message History

You barely miss the scorpion.
The scorpion is lightly wounded.
The scorpion closely misses you.
You hit the scorpion but do no damage.
The scorpion is lightly wounded.
The scorpion closely misses you.
You closely miss the scorpion.
The scorpion is lightly wounded.
The scorpion closely misses you.
You hit the scorpion.
The scorpion is moderately wounded.
The scorpion barely misses you.
The scorpion stings you but does no damage.
You slash the scorpion!
The scorpion is severely wounded.
The scorpion stings you.
* * * LOW HITPOINT WARNING * * *
You are lethally poisoned!
The scorpion poisons you!
You take 2 damage, and have 8/58 hp.
It was a potion of ambrosia.
You are confused.
You feel invigorated.
* * * LOW HITPOINT WARNING * * *
You feel very sick.
The scorpion stings you but does no damage.
You're too confused to move!
You feel very sick. The scorpion stings you.
* * * LOW HITPOINT WARNING * * *
You are lethally poisoned!
The scorpion poisons you! The scorpion stings you.
* * * LOW HITPOINT WARNING * * *
You are more poisoned.
The scorpion poisons you!
You take 5 damage, and have 4/58 hp.
Okay, then.
You bump into the rock wall.
You die...
Your body crumbles into a pile of gold.

#.# # # # #.# #.###.
###.### $ #.....####
#.....#
.........###.#...####
........$......<....+
.....###$###.....####
... #s# #..#..# . #@#
#..##.# #.# #.....#
#.####.#####
..####..........# #
#......(.###.###.## #
# #.######.#
#.###.##.#### #.#
#.........##. #.#
#####.#...#.. #.#
#.#.#.##.


You could see a scorpion.

Vanquished Creatures
  A scorpion (D:4)
  A howler monkey (D:5)
  A hound (D:4)
  2 orc priests
  4 iguanas
  2 orc wizards
  Robin (D:2)
  2 adders
  A worm (D:3)
  4 dart slugs
  14 orcs
  6 ball pythons
  6 endoplasms
  6 giant cockroaches
  16 goblins
  10 hobgoblins
  3 quokkas
  6 bats
  5 frilled lizards
  6 kobolds
  5 rats
102 creatures vanquished.

Notes
Turn   | Place    | Note
-------+----------+-------------------------------------------
     0 | D:1      | gimp the Formicid Monk began the quest for the Orb.
     0 | D:1      | Reached XP level 1. HP: 18/18 MP: 1/1
   159 | D:1      | Reached XP level 2. HP: 25/25 MP: 2/2
   212 | D:1      | Reached skill level 4 in Fighting
   525 | D:1      | Reached XP level 3. HP: 22/31 MP: 3/3
   975 | D:1      | Found a faded altar of an unknown god.
  1571 | D:2      | Found Doagyaf's Jewellery Shoppe.
  1584 | D:2      | Found an opulent altar of Gozag.
  1592 | D:2      | Became a worshipper of Gozag Ym Sagoz the Greedy
  1828 | D:2      | Reached skill level 5 in Fighting
  1828 | D:2      | Reached XP level 4. HP: 39/39 MP: 4/4
  1871 | D:2      | Noticed Robin
  1882 | D:2      | Killed Robin
  2697 | D:3      | Found a blossoming altar of Fedhas.
  2712 | D:3      | Reached skill level 1 in Armour
  2742 | D:3      | Found a shimmering altar of Xom.
  2883 | D:4      | Found Saqoih's Armour Boutique.
  3259 | D:3      | Found a radiant altar of Vehumet.
  3284 | D:3      | Reached XP level 5. HP: 40/44 MP: 5/5
  3718 | D:3      | Found a sparkling altar of Nemelex Xobeh.
  4194 | D:4      | Reached XP level 6. HP: 43/51 MP: 6/6
  4287 | D:4      | Bought the +1 ring mail of Elyvilon's Generosity {rElec
                  | Will++} for 408 gold pieces
  4369 | D:4      | Noticed Eustachio
  4619 | D:5      | Entered Level 5 of the Dungeon
  4719 | D:5      | Reached skill level 5 in Axes
  4719 | D:5      | Reached XP level 7. HP: 55/57 MP: 7/7
  4782 | D:5      | Reached skill level 6 in Fighting
  5015 | D:5      | Succumbed to a scorpion's poison

Illustrated notes

Levels and vault maps discovered:
D:1:      dpeg_arrival_shrine, layout_loops_ring, basic_ecumenical_altar
D:2:      layout_loops_corners, serial_shops, shop, basic_altar,
          kennysheep_generic_room_11, uniq_robin
D:3:      layout_basic, lemuel_tele_altar, mainiacjoe_overflow_alcove_2,
          mainiacjoe_overflow_concentric_impassable, nemelex_dance_club_becter
D:4:      layout_gridville, general_overflow_altar, serial_shops, shop,
          lightli_corner_chamber, uniq_eustachio
D:5:      layout_loops_corners, temple_green, kennysheep_small_spiral,
          eino_small_chamber_without_monster

Skill      XL: |  1  2  3  4  5  6  7 |
---------------+----------------------+-----
Fighting       | 4 5 6 |  6.1
Armour         | 1 2 3 |  3.2
Axes           | 4 5 |  5.4
Dodging        | |  2.6
Stealth        | |  2.4

Action                   |  1- 3 |  4- 6 |  7- 9 || total
-------------------------+-------+-------+-------++-------
Melee: Hand axe          |   121 |   246 |    63 ||   430
 Abil: Dig               |       |     6 |       ||     6
  Use: Scroll            |       |     1 |     2 ||     3
       Potion            |       |     1 |     1 ||     2
 Stab: Sleeping          |     4 |       |       ||     4
Armor: Robe              |    20 |       |       ||    20
       Ring mail         |     7 |    16 |    26 ||    49
       Leather armour    |     5 |       |       ||     5
       Chain mail        |     1 |   119 |       ||   120
Dodge: Dodged            |    84 |   101 |    41 ||   226

Table legend: (Time is in decaauts)
 A = Elapsed time spent in this place.
 B = Non-inter-level travel time spent in this place.
 C = Inter-level travel time spent in this place.
 D = Time resting spent in this place.
 E = Time spent auto-exploring this place.
 F = Levels seen in this place.
 G = Mean time per level.
                   A        B        C        D        E       F      G
               +--------+--------+--------+--------+--------+-----+--------+
         Total |   5070 |   4859 |    211 |    374 |   3280 |   5 | 1014.0 |
       Dungeon |   5070 |   4859 |    211 |    374 |   3280 |   5 | 1014.0 |
               +--------+--------+--------+--------+--------+-----+--------+

Top non-repeatable levels by time:
     D:3: 1694 daAuts
     D:1: 1575 daAuts
     D:2: 1040 daAuts
     D:4: 401 daAuts
     D:5: 357 daAuts
